 Dungeon Crawl Stone Soup version 0.30-a0-986-g7f2e898f52 (webtiles) character file.

Game seed: 14344880364909130209

16 Pimp the Chiller (level 2, -5/20 HPs)
             Began as a Barachi Ice Elementalist on Apr 1, 2023.
             Slain by a gnoll
             ... wielding a +0 halberd
              (14 damage)
             ... on level 2 of the Dungeon.
             The game lasted 00:04:42 (1357 turns).

Pimp the Chiller (Barachi Ice Elementalist)         Turns: 1357, Time: 00:04:43

Health: -5/20      AC:  2    Str:  9    XL:     2   Next: 58%
Magic:  3/5        EV: 12    Int: 15    God:
Gold:   33         SH:  0    Dex: 12    Spells: 4/5 levels left

rFire   . . .      SeeInvis .    c - +1 short sword
rCold   . . .      Faith    .    (no shield)
rNeg    . . .      Spirit   .    a - +0 robe
rPois   .          Reflect  .    (no helmet)
rElec   .          Rampage  .    (no cloak)
rCorr   +                        (no gloves)
Will    .....                    (no boots)
Stlth   ++                       (no amulet)
HPRegen 0.23/turn                i - ring of resist corrosion
MPRegen 0.09/turn                (no ring)

@: slow
A: amphibious, slowness 1, strong legs 1, +LOS
a: Hop


You were on level 2 of the Dungeon.
You visited 1 branch of the dungeon, and saw 2 of its levels.

You collected 33 gold pieces.

Inventory:

Hand Weapons
 c - a +1 short sword (weapon)
 h - a +0 war axe
Missiles
 g - a throwing net
Armour
 a - a +0 robe (worn)
Jewellery
 i - a ring of resist corrosion (left hand)
 l - a ring of see invisible
Scrolls
 f - a scroll of enchant armour {unknown}
 k - a scroll of butterflies {unknown}
 n - a scroll of fear {unknown}
Potions
 b - a potion of magic
 d - a potion of curing {unknown}
 e - 2 potions of heal wounds
 j - a potion of flight {unknown}
 m - a potion of attraction {unknown}


   Skills:
 + Level 0.8 Fighting
 + Level 0.0 Short Blades
 + Level 0.5 Armour
 + Level 2.3 Dodging
 - Level 1.7 Stealth
 + Level 2.4 Spellcasting
 * Level 5.2 Ice Magic


You had 4 spell levels left.
You knew the following spells:

 Your Spells              Type           Power      Damage    Failure   Level
a - Freeze                Ice            68%        1d8       2%          1

Your spell library contained the following spells:

 Spells                   Type           Power      Damage    Failure   Level
 Frozen Ramparts          Ice            34%        1d6       8%          3
 Ozocubu's Armour         Ice            17%        N/A       8%          3
 Summon Ice Beast         Ice/Summ       9%         N/A       58%         4


Dungeon Overview and Level Annotations

Branches:
Dungeon (2/15)

Altars:


Innate Abilities, Weirdness & Mutations

You are amphibious.
You cover ground slowly.
You can hop short distances.
You have an extended range of vision and can be seen from far away.


Message History

Confirm with . or Enter, or press ? or * to list all spells.
You can't see any susceptible monsters within range! (Use Z to cast anyway.)
You see here a rat corpse.
You start resting.
HP restored.
You start resting.
Magic restored.
n - a scroll labelled LYMEWN QIKHIE
e - 2 potions of heal wounds (gained 1)
A dart slug comes into view.
A gnoll comes into view. It is wielding a +0 halberd.
The gnoll shouts!
You hear a shout!
A frilled lizard comes into view.
A gnoll comes into view. It is wielding a +0 club.
A gnoll comes into view. It is wielding a +0 spear.
The gnoll enters a dispersal trap!
The dart slug blinks!
The gnoll blinks! x2
You blink.
Found a pair of embroidered boots.
The gnoll blinks!
An endoplasm comes into view.
The gnoll moves out of view.
The gnoll hits something with a +0 club.
The frilled lizard hisses angrily.
The gnoll hits you from afar with a +0 halberd!
The gnoll closely misses you.
Casting: Freeze (safe; 2% risk of failure)
Confirm with . or Enter, or press ? or * to list all spells.
Aiming: Freeze (safe; 2% risk of failure)
Press: ? - help, Shift-Dir - straight line, f - gnoll
Aim: a gnoll, wielding a +0 halberd You freeze the gnoll!
The gnoll is severely wounded.
The gnoll hits you with a +0 halberd.
Casting: Freeze (safe; 2% risk of failure)
Confirm with . or Enter, or press ? or * to list all spells.
Aiming: Freeze (safe; 2% risk of failure)
Press: ? - help, Shift-Dir - straight line, f/p - gnoll
Aim: a gnoll, wielding a +0 halberd (severely wounded)
You freeze the gnoll.
The gnoll is almost dead.
The gnoll hits you with a +0 halberd!
Ouch! That really hurt!
You die... ### ## ♣ #[. . . ♣Pg

#.#.###...
##♣♣.♣♣##.#.....#
..J.............#
J....J..#.#######
#.....l...g.l#
.###.##^.######g#
.....##..#....@.#
#.......##.#####
####§#...
.#..#.#.######
#.#..#.........
#)#..#...######
#.#.......#...
##.####....#.###
#..#............


You could see a gnoll and a frilled lizard.

Vanquished Creatures
  5 endoplasms
  A hobgoblin (D:1)
  A quokka (D:1)
  A ball python (D:2)
  2 bats (D:1)
  A frilled lizard (D:1)
  3 kobolds (D:1)
  3 rats
17 creatures vanquished.

Vanquished Creatures (others)
  A plant (D:2)
1 creature vanquished.

Grand Total: 18 creatures vanquished

Notes
Turn   | Place    | Note
-------+----------+-------------------------------------------
     0 | D:1      | Pimp the Barachi Ice Elementalist began the quest for the
                  | Orb.
     0 | D:1      | Reached XP level 1. HP: 13/13 MP: 3/3
   259 | D:1      | Reached skill level 5 in Ice Magic
   359 | D:1      | Reached XP level 2. HP: 15/20 MP: 5/5
  1357 | D:2      | Slain by a gnoll

Illustrated notes

Levels and vault maps discovered:
D:1:      wander_arrival_fairy_ring, layout_basic
D:2:      layout_basic, serial_forest, infiniplex_forest_corner_2,
          infiniplex_forest_straight_5, infiniplex_forest_pool,
          infiniplex_forest_join, infiniplex_forest_clump_small,
          infiniplex_forest_clump_small, uniq_sigmund

Skill      XL: |  1 |
---------------+----+-----
Ice Magic      | 5 |  5.2
Fighting       | |  0.8
Armour         | |  0.5
Dodging        | |  2.3
Stealth        | |  1.7
Spellcasting   | |  2.4

Action                     || total
---------------------------++-------
  Melee: Short sword       ||    22
   Cast: Freeze            ||    17
    Use: Scroll            ||     3
   Stab: Sleeping          ||     2
 Armour: Robe              ||     5
  Dodge: Dodged            ||    17

Table legend: (Time is in decaauts)
 A = Elapsed time spent in this place.
 B = Non-inter-level travel time spent in this place.
 C = Inter-level travel time spent in this place.
 D = Time resting spent in this place.
 E = Time spent auto-exploring this place.
 F = Levels seen in this place.
 G = Mean time per level.
                   A        B        C        D        E       F      G
               +--------+--------+--------+--------+--------+-----+--------+
         Total |   1567 |   1432 |    135 |    115 |   1084 |   2 |  783.5 |
       Dungeon |   1567 |   1432 |    135 |    115 |   1084 |   2 |  783.5 |
               +--------+--------+--------+--------+--------+-----+--------+

Top non-repeatable levels by time:
     D:1: 1464 daAuts
     D:2: 102 daAuts
